 Dungeon Crawl Stone Soup version 0.30-a0-862-g1aabd4f9c5 (webtiles) character file.

Game seed: 12773197716186337595

25 Esekla the Sneak (level 3, -2/26 HPs)
             Began as an Octopode Delver on Mar 9, 2023.
             Slain by a gnoll
             ... wielding a +0 whip
              (7 damage)
             ... on level 5 of the Dungeon.
             The game lasted 00:03:15 (175 turns).

Esekla the Sneak (Octopode Delver)                   Turns: 175, Time: 00:03:16

Health: -2/26      AC:  1    Str: 11    XL:     3   Next: 6%
Magic:  3/3        EV: 13    Int: 14    God:
Gold:   0          SH:  0    Dex: 13    Spells: 3/3 levels left

rFire   . . .      SeeInvis .    a - +0 falchion
rCold   . . .      Faith    .    (no shield)
rNeg    . . .      Spirit   .    (helmet restricted)
rPois   .          Reflect  .    (no amulet)
rElec   .          Rampage  .    (no ring)
rCorr   .                        (no ring)
Will    .....                    (no ring)
Stlth   ++                       (no ring)
HPRegen 0.24/turn                (no ring)
MPRegen 0.08/turn                (no ring)
                                 (no ring)
                                 (no ring)

@: confused
A: almost no armour, amphibious, 8 rings, camouflage 1, gelatinous body 1,
(nimble swimmer 1), tentacles
a: no special abilities


You were on level 5 of the Dungeon.
You visited 2 branches of the dungeon, and saw 2 of its levels.

Inventory:

Hand Weapons
 a - a +0 falchion (weapon)
Wands
 f - a wand of digging (3)
Scrolls
 b - a scroll of fog


   Skills:
 * Level 3.2 Fighting
 * Level 2.2 Long Blades
 * Level 2.2 Dodging
 + Level 7.1 Stealth
 * Level 0.6 Spellcasting


You had 3 spell levels left.
You didn't know any spells.
Your spell library was empty.

Dungeon Overview and Level Annotations

Branches:
Dungeon (5/15)             Temple (1/1) D:5

Altars:
Cheibriados
Dithmenos
Elyvilon
Fedhas
Gozag
Kikubaaqudgha
Makhleb
Nemelex Xobeh
Okawaru
Qazlal
Ru
Trog
Uskayaw
Wu Jian
Xom
Yredelemnul
Zin
The Shining One

Annotations:
D:5 Sigmund


Innate Abilities, Weirdness & Mutations

You cannot wear most types of armour.
You are amphibious.
You can wear up to eight rings at the same time.
Your skin changes colour to match your surroundings (Stealth+).
Your rubbery body absorbs attacks. (AC +1, EV +1)
((You are camouflaged when in or above water. (Stealth+)))
You have tentacles for arms and can constrict up to eight enemies at once.


Message History

You see here an iguana corpse.
You are confused.
You bump into the rock wall.
Found a stone staircase leading down.
Found 10 gold pieces and 5 stones.
You bump into the rock wall.
You bump into the rock wall.
A gnoll comes into view. It is wielding a +0 whip.
There is a stone staircase leading down here. 2 gnolls come into view.
You bump into the rock wall.
You feel less confused.
The gnoll shouts! x2
Found a runed helmet.
The gnoll closely misses you. The gnoll barely misses you.
There are no items here.
Unknown command.
Your extra speed is starting to run out.
You hear some strange, mumbled words.
You are confused.
You aren't carrying any potions.
You aren't carrying any potions.
Something barely misses you.
You bump into the rock wall.
The gnoll closely misses you.
You're too confused to move!
Something hits you.
You're too confused to move!
You bump into the rock wall.
The gnoll hits you from afar with a +0 spear.
You hear some strange, mumbled words.
You are more confused.
You barely miss something. Something barely misses you.
You bump into the rock wall.
You feel yourself slow down. The gnoll closely misses you.
You bump into the rock wall.
Something hits you!
* * * LOW HITPOINT WARNING * * *
The gnoll closely misses you. x2
You're too confused to move!
The gnoll barely misses you. The gnoll hits you with a +0 whip!
You die...

###### #....#
********########.##.#
*,,,,,,,.........##†#
,,,*****########.##.#
**,* #>##{# *,*
#{##.# *,*
#@##.#############
**,*
#g##..............
**,*
#g###########...##
**,*
*#g#*,,........>.##
**,*
#($.#,*#######...##
,,,***********#...#,*
##.###
,,,,,,,,,,,,,,....#,*
#.# #
*************#.#.##,*
##.### * #.#.#*,*
#####...##


You could see 3 gnolls.

Vanquished Creatures
  An iguana (D:5)
1 creature vanquished.

Notes
Turn   | Place    | Note
-------+----------+-------------------------------------------
     0 | D:5      | Esekla the Octopode Delver began the quest for the Orb.
     0 | D:5      | Reached XP level 1. HP: 16/16 MP: 1/1
     5 | D:5      | Noticed an iguana
    53 | D:5      | Found a staircase to the Ecumenical Temple.
    55 | D:5      | Noticed Sigmund
    74 | Temple   | Entered the Ecumenical Temple
   134 | D:5      | Noticed an iguana
   145 | D:5      | Killed an iguana
   146 | D:5      | Reached skill level 7 in Stealth
   146 | D:5      | Reached XP level 2. HP: 16/21 MP: 2/2
   146 | D:5      | Reached XP level 3. HP: 20/26 MP: 3/3
   175 | D:5      | Slain by a gnoll

Illustrated notes

Levels and vault maps discovered:
D:5:      layout_loops_ring, jmf_multi_god_temple2,
          minmay_temple_entry_butterflies, portal_sewer_entry_c,
          nicolae_fountain_basement, uniq_sigmund
Temple:   nicolae_temple_bog_church

Skill      XL: |  1 |
---------------+----+-----
Stealth        | 7 |  7.1
Fighting       | |  3.2
Long Blades    | |  2.2
Dodging        | |  2.2
Spellcasting   | |  0.6

Action                     || total
---------------------------++-------
  Melee: Falchion          ||     8
         Tentacles         ||     2
         Constrict         ||     1
    Use: Scroll            ||     2
         Potion            ||     1
  Dodge: Dodged            ||    14

Table legend: (Time is in decaauts)
 A = Elapsed time spent in this place.
 B = Non-inter-level travel time spent in this place.
 C = Inter-level travel time spent in this place.
 D = Time resting spent in this place.
 E = Time spent auto-exploring this place.
 F = Levels seen in this place.
 G = Mean time per level.
                   A        B        C        D        E       F      G
               +--------+--------+--------+--------+--------+-----+--------+
         Total |    160 |    150 |     10 |      0 |     23 |   2 |   80.0 |
       Dungeon |    110 |    110 |      0 |      0 |      0 |   1 |  110.0 |
        Temple |     49 |     39 |     10 |      0 |     23 |   1 |   49.0 |
               +--------+--------+--------+--------+--------+-----+--------+

Top non-repeatable levels by time:
     D:5: 110 daAuts
  Temple: 49 daAuts
